 Dungeon Crawl Stone Soup version 0.31-a0-1002-g8e65716e6e (webtiles) character file.

Game seed: 631273467131189124

87 Revguard the Chopper (level 4, 0/34 HPs)
             Began as a Demonspawn Gladiator on Nov 9, 2023.
             Slain by Terence
             ... wielding a +2 heavy flail
              (3 damage)
             ... on level 2 of the Dungeon.
             The game lasted 00:02:29 (1201 turns).

Revguard the Chopper (Demonspawn Gladiator)         Turns: 1201, Time: 00:02:30

Health: 0/34       AC:  7    Str: 20    XL:     4   Next: 28%
Magic:  5/5        EV: 12    Int:  9    God:
Gold:   95         SH:  0    Dex: 14    Spells: 3/3 levels left

rFire   . . .        a - +0 war axe
rCold   + . .        (no shield)
rNeg    . . .        l - +4 leather armour of the Baku {rC+ Str+3}
rPois   .            (helmet restricted)
rElec   .            (no cloak)
rCorr   .            (no gloves)
SInv    .            (no boots)
Will    .....        (no amulet)
Stlth   +            (no ring)
HPRegen 0.25/turn    (no ring)
MPRegen 0.09/turn

%: no passive effects
@: hasted, very quick
A: horns 1, powered by death 1, spiny 1
a: no special abilities


You were on level 2 of the Dungeon.
You visited 1 branch of the dungeon, and saw 2 of its levels.

You collected 95 gold pieces.

Inventory:

Hand Weapons
 a - a +0 war axe (weapon)
Missiles
 d - 3 throwing nets (quivered)
 e - a javelin
Armour
 c - a +0 helmet
 l - the +4 leather armour of the Baku (worn) {rC+ Str+3}
   (You found it on level 2 of the Dungeon)

   Str+3:     It affects your strength (+3).
   rC+:       It protects you from cold.
Scrolls
 b - 2 scrolls of poison {unknown}
 h - a scroll of identify {unknown}
 i - a scroll of amnesia {unknown}
 j - a scroll of teleportation {unknown}
Potions
 f - a potion of heal wounds {unknown}
 k - a potion of enlightenment {unknown}


   Skills:
 * Level 2.8 Fighting
 * Level 3.3 Axes
 - Level 1.7 Throwing
 + Level 1.1 Armour
 + Level 3.0 Dodging
 + Level 1.3 Invocations
 + Level 1.1 Evocations


You had 3 spell levels left.
You didn't know any spells.
Your spell library contained the following spells:

 Spells                   Type           Power      Damage    Failure   Level
 Sandblast                Erth           0%         2d4       43%         1
 Passwall                 Tmut/Erth      0%         N/A       58%         2
 Stone Arrow              Conj/Erth      0%         3d7       82%         3
 Brom's Barrelling Bould  Conj/Erth      0%         2d3       99%         4


Dungeon Overview and Level Annotations

Branches:
Dungeon (2/15)

Altars:

Annotations:
D:2 Terence


Innate Abilities, Weirdness & Mutations

You have a pair of small horns on your head.
You regenerate a little health from kills.
You are partially covered in sharp spines.


Message History

You hit the bat.
You kill the bat!
Found 5 stones.
Found a hand axe and 5 stones.
You now have 87 gold pieces (gained 9).
b - a scroll labelled XEXAUH MOIPH
j - a scroll labelled GAMEUSCHUHE You now have 95 gold pieces (gained 8).
Found a stone staircase leading down.
Found an escape hatch in the ceiling.
There is a stone staircase leading down here.
A hobgoblin comes into view.
The hobgoblin shouts!
You barely miss the hobgoblin. The hobgoblin closely misses you.
The hobgoblin is struck by your spines. The hobgoblin barely misses you.
You barely miss the hobgoblin.
The hobgoblin is almost dead.
The hobgoblin is struck by your spines.
You kill the hobgoblin!
A rat comes into view.
You completely miss the rat. The rat closely misses you.
You barely miss the rat. The rat is struck by your spines.
You kill the rat!
b - 2 scrolls labelled XEXAUH MOIPH (gained 1) Terence the Incautious comes into view.
He is wielding a +2 heavy flail.
Terence shouts!
Terence hits you with a +2 heavy flail!
You hit Terence but do no damage. You slash Terence!
Terence is heavily wounded.
Terence is struck by your spines. Terence closely misses you.
You hit Terence.
Terence is severely wounded.
Terence is struck by your spines. Terence hits you with a +2 heavy flail!
Ouch! That really hurt!
* * * LOW HITPOINT WARNING * * *
It was a potion of haste.
You feel yourself speed up. Terence hits you with a +2 heavy flail.
You die...
Terence says, "Rest in peace."

#..........###### #..
##.###..........# #.#
#.# #.###.##.### #.#
#.# #.# #.....# #.#
##.###.######..#####.#
#....................#
#####.......#..#######
#.##.#.##..#
#@##.#.##..#
#@##.#.##..# ####
#.##.#.##..# #...
#.##.#.....# #.##
#....#....## #.##
######.##. #.## #.#
#.>. ##.# #.#


You could see Terence.

Vanquished Creatures
  4 gnolls (D:2)
  2 adders (D:2)
  A dart slug (D:2)
  2 endoplasms
  2 giant cockroaches (D:1)
  4 goblins
  3 hobgoblins
  A quokka (D:1)
  3 ball pythons
  5 bats
  3 frilled lizards
  2 kobolds (D:2)
  A rat (D:2)
33 creatures vanquished.

Notes
Turn   | Place    | Note
-------+----------+-------------------------------------------
     0 | D:1      | Revguard the Demonspawn Gladiator began the quest for the
                  | Orb.
     0 | D:1      | Reached XP level 1. HP: 16/16 MP: 1/1
   352 | D:1      | Gained mutation: You regenerate a little health from kills.
                  | [demonic ancestry]
   352 | D:1      | Reached XP level 2. HP: 20/22 MP: 2/2
   716 | D:2      | Gained mutation: You are partially covered in sharp spines.
                  | [demonic ancestry]
   716 | D:2      | Reached XP level 3. HP: 28/28 MP: 3/3
   731 | D:2      | Reached skill level 1 in Invocations
   748 | D:2      | Identified the +4 leather armour of the Baku {rC+ Str+3}
   993 | D:2      | Reached skill level 1 in Armour
   993 | D:2      | Reached skill level 1 in Evocations
   995 | D:2      | Discovered your monstrous ancestry.
   995 | D:2      | Gained mutation: You have a pair of small horns on your
                  | head. [demonic ancestry]
   995 | D:2      | Reached XP level 4. HP: 28/34 MP: 4/4
  1194 | D:2      | Noticed Terence
  1201 | D:2      | Slain by Terence

Illustrated notes

Levels and vault maps discovered:
D:1:      giann_bridges, layout_basic, item_on_display_a
D:2:      layout_basic, uniq_terence

Skill      XL: |  1  2  3 |
---------------+----------+-----
Axes           | 3 |  3.3
Invocations    | 1 |  1.3
Armour         | 1 |  1.1
Dodging        | 3 |  3.0
Evocations     | 1 |  1.1
Fighting       | |  2.8
Throwing       | |  1.7

Action                     |  1- 3 |  4- 6 || total
---------------------------+-------+-------++-------
  Melee: War axe           |    53 |     9 ||    62
         Punch             |     1 |       ||     1
    Use: Potion            |       |     1 ||     1
 Armour: Leather armour    |    22 |     4 ||    26
         Ring mail         |    25 |       ||    25
  Dodge: Dodged            |    40 |     6 ||    46

Table legend: (Time is in decaauts)
 A = Elapsed time spent in this place.
 B = Non-inter-level travel time spent in this place.
 C = Inter-level travel time spent in this place.
 D = Time resting spent in this place.
 E = Time spent auto-exploring this place.
 F = Levels seen in this place.
 G = Mean time per level.
                   A        B        C        D        E       F      G
               +--------+--------+--------+--------+--------+-----+--------+
         Total |   1222 |   1200 |     22 |      0 |    938 |   2 |  611.0 |
       Dungeon |   1222 |   1200 |     22 |      0 |    938 |   2 |  611.0 |
               +--------+--------+--------+--------+--------+-----+--------+

Top non-repeatable levels by time:
     D:2: 666 daAuts
     D:1: 555 daAuts
